[ AOE2 MATCH · #463484809 ]
Team RMBohemians vs Ethiopians
[ REPLAY ANALYSIS · EXTRACTED FROM THE RECORDED GAME ]
Feudal
—
Castle
—
Imperial
—
| APM avg | 0.4 |
| APM peak | 12 |
| eAPM avg | 0.3 |
| Villagers / military | 1 / 0 |
Focus
⚔️ 0.0% · 🌾 100.0%
Feudal
—
Castle
—
Imperial
—
| APM avg | 0.4 |
| APM peak | 15 |
| eAPM avg | 0.4 |
| Villagers / military | 0 / 0 |
Focus
⚔️ 0.0% · 🌾 100.0%
Feudal
—
Castle
—
Imperial
—
| APM avg | 0.1 |
| APM peak | 3 |
| eAPM avg | 0.1 |
| Villagers / military | 0 / 0 |
Feudal
8:21
Castle
15:36
Imperial
—
| APM avg | 16.3 |
| APM peak | 40 |
| eAPM avg | 7.3 |
| Villagers / military | 43 / 36 |
Focus
⚔️ 23.9% · 🌾 76.1%
Kipchak ×24 · Steppe Lancer ×7 · Trade Cart ×4 · Scorpion ×3 · Monk ×1 · Camel Scout ×1
Feudal
—
Castle
—
Imperial
—
| APM avg | 15.5 |
| APM peak | 60 |
| eAPM avg | 9.3 |
| Villagers / military | 116 / 59 |
Focus
⚔️ 12.3% · 🌾 87.7%
Ballista Elephant ×54 · Trebuchet (Packed) ×4 · Monk ×1
Feudal
10:18
Castle
13:51
Imperial
25:53
| APM avg | 14.7 |
| APM peak | 55 |
| eAPM avg | 11.8 |
| Villagers / military | 106 / 21 |
Focus
⚔️ 15.7% · 🌾 84.3%
Spearman ×15 · Trebuchet (Packed) ×5 · Monk ×1
Feudal
—
Castle
—
Imperial
—
| APM avg | 0.2 |
| APM peak | 8 |
| eAPM avg | 0.2 |
| Villagers / military | 4 / 0 |
Focus
⚔️ 0.0% · 🌾 100.0%
Feudal
15:49
Castle
22:15
Imperial
34:02
| APM avg | 14.3 |
| APM peak | 28 |
| eAPM avg | 12.9 |
| Villagers / military | 94 / 30 |
Focus
⚔️ 23.9% · 🌾 76.1%
Unknown (2550) ×22 · Bolas Rider ×20 · Trade Cart ×12 · Kona ×10
Match map
Initial resources + every placement click. Lines = walls · curves = elevation contours. ◆ gold · ⬟ stone · ● berries · ✦ relic · ◌ wall gap
Inputs per minute
— SkilzDatKilz845 - - life_stuck_in_errors
Build order — SkilzDatKilz845
3 actions detected in the replay
| 0:04 | Create | Villager (Male) |
| 0:25 | Build | Lumber Camp |
| 0:55 | Build | Mill |
Build order — life_stuck_in_errors
1 actions detected in the replay
| 0:23 | Build | Lumber Camp |
Build order — Jaereg
0 actions detected in the replay
Build order — emilstabilforever
140 actions detected in the replay
| 0:31 | Build | Lumber Camp |
| 1:06 | Create | Villager (Male) |
| 1:06 | Create | Villager (Male) |
| 1:07 | Create | Villager (Male) |
| 1:07 | Create | Villager (Male) |
| 1:07 | Create | Villager (Male) |
| 3:52 | Create | Villager (Male) |
| 3:52 | Create | Villager (Male) |
| 3:52 | Create | Villager (Male) |
| 3:53 | Create | Villager (Male) |
| 3:53 | Create | Villager (Male) |
| 6:11 | Research | Feudal Age |
| 6:17 | Create | Villager (Male) |
| 6:27 | Build | Mill |
| 7:23 | Create | Villager (Male) |
| 7:24 | Create | Villager (Male) |
| 7:49 | Build | Mining Camp |
| 8:04 | Build | Mining Camp |
| 8:21 | Age | Feudal Age |
| 8:29 | Create | Villager (Male) |
| 8:30 | Create | Villager (Male) |
| 8:35 | Research | Wheelbarrow |
| 8:38 | Research | Double-Bit Axe |
| 8:40 | Research | Horse Collar |
| 10:59 | Build | Market |
| 11:40 | Build | Blacksmith |
| 12:56 | Research | Castle Age |
| 13:11 | Build | Palisade Wall |
| 13:19 | Build | Palisade Wall |
| 14:25 | Build | Palisade Wall |
| 14:56 | Build | Archery Range |
| 15:01 | Build | Stable |
| 15:06 | Build | Siege Workshop |
| 15:17 | Create | Villager (Male) |
| 15:17 | Create | Villager (Male) |
| 15:17 | Create | Villager (Male) |
| 15:17 | Create | Villager (Male) |
| 15:19 | Create | Villager (Male) |
| 15:21 | Create | Villager (Male) |
| 15:36 | Age | Castle Age |
| 16:11 | Build | Lumber Camp |
| 16:42 | Build | Palisade Wall |
| 16:48 | Build | Palisade Wall |
| 17:11 | Research | Crossbowman (upgrade) |
| 17:11 | Research | Thumb Ring |
| 17:44 | Create | Kipchak |
| 17:44 | Create | Kipchak |
| 17:44 | Create | Kipchak |
| 18:17 | Create | Kipchak |
| 18:19 | Create | Kipchak |
| 18:19 | Create | Kipchak |
| 18:41 | Build | Farm |
| 19:47 | Build | Castle |
| 20:50 | Build | Town Center |
| 20:58 | Research | Bow Saw |
| 21:31 | Create | Steppe Lancer |
| 21:31 | Create | Steppe Lancer |
| 21:32 | Create | Steppe Lancer |
| 21:32 | Create | Steppe Lancer |
| 21:32 | Create | Steppe Lancer |
| 22:25 | Research | Gold Mining |
| 22:29 | Research | Stone Mining |
| 22:36 | Create | Kipchak |
| 22:37 | Create | Kipchak |
| 22:37 | Create | Kipchak |
| 22:37 | Create | Kipchak |
| 22:37 | Create | Kipchak |
| 23:38 | Build | Monastery |
| 23:51 | Create | Villager (Male) |
| 23:52 | Create | Villager (Male) |
| 23:52 | Create | Villager (Male) |
| 23:52 | Create | Villager (Male) |
| 23:52 | Create | Villager (Male) |
| 23:53 | Create | Villager (Male) |
| 23:53 | Create | Villager (Male) |
| 23:53 | Create | Villager (Male) |
| 23:53 | Create | Villager (Male) |
| 24:15 | Create | Trade Cart |
| 24:15 | Create | Trade Cart |
| 24:44 | Create | Steppe Lancer |
| 24:47 | Create | Camel Scout |
| 25:08 | Create | Monk |
| 25:42 | Build | University |
| 25:57 | Create | Kipchak |
| 25:57 | Create | Kipchak |
| 25:57 | Create | Kipchak |
| 25:58 | Create | Kipchak |
| 25:58 | Create | Kipchak |
| 25:58 | Create | Kipchak |
| 25:59 | Create | Kipchak |
| 25:59 | Create | Kipchak |
| 26:29 | Create | Villager (Male) |
| 26:29 | Create | Villager (Male) |
| 26:29 | Create | Villager (Male) |
| 26:30 | Create | Villager (Male) |
| 26:30 | Create | Villager (Male) |
| 26:53 | Create | Kipchak |
| 26:53 | Create | Kipchak |
| 26:53 | Create | Kipchak |
| 26:54 | Create | Kipchak |
| 26:54 | Create | Kipchak |
| 27:13 | Build | Farm |
| 27:19 | Build | Farm |
| 27:22 | Build | Farm |
| 27:27 | Build | Farm |
| 27:30 | Build | Farm |
| 28:20 | Create | Scorpion |
| 28:20 | Create | Scorpion |
| 28:20 | Create | Scorpion |
| 28:27 | Create | Steppe Lancer |
| 29:15 | Research | Heated Shot |
| 30:42 | Build | Town Center |
| 31:45 | Research | Ballistics |
| 31:54 | Research | Padded Archer Armor |
| 31:54 | Research | Fletching |
| 31:56 | Research | Forging |
| 31:56 | Research | Scale Mail Armor |
| 31:57 | Research | Scale Barding Armor |
| 32:34 | Research | Hand Cart |
| 33:40 | Create | Villager (Male) |
| 33:40 | Create | Villager (Male) |
| 33:40 | Create | Villager (Male) |
| 33:41 | Create | Villager (Male) |
| 33:41 | Create | Villager (Male) |
| 33:42 | Create | Villager (Male) |
| 33:42 | Create | Villager (Male) |
| 33:43 | Create | Villager (Male) |
| 33:55 | Build | Farm |
| 33:58 | Build | Farm |
| 34:02 | Build | Farm |
| 34:05 | Build | Farm |
| 34:20 | Build | Farm |
| 35:45 | Research | Imperial Age |
| 36:19 | Create | Trade Cart |
| 36:20 | Create | Trade Cart |
| 36:31 | Build | Farm |
| 36:35 | Build | Farm |
| 36:43 | Build | Farm |
| 36:49 | Build | Farm |
| 36:53 | Build | Farm |
Build order — ANUARCHEMO233
First 150 of 235 actions detected
| 0:00 | Create | Villager (Male) ×4 |
| 0:06 | Build | House |
| 0:07 | Build | House |
| 0:08 | Build | House |
| 0:50 | Build | Lumber Camp |
| 1:36 | Create | Villager (Male) |
| 1:45 | Create | Villager (Male) |
| 2:26 | Build | Mill |
| 2:30 | Create | Villager (Male) |
| 2:31 | Create | Villager (Male) |
| 3:17 | Build | Mill |
| 3:27 | Create | Villager (Male) |
| 3:30 | Create | Villager (Male) |
| 4:02 | Create | Villager (Male) |
| 4:44 | Create | Villager (Male) |
| 5:10 | Create | Villager (Male) |
| 5:35 | Create | Villager (Male) |
| 6:01 | Create | Villager (Male) |
| 6:24 | Research | Feudal Age |
| 8:44 | Create | Villager (Male) |
| 8:45 | Create | Villager (Male) |
| 8:46 | Create | Villager (Male) |
| 8:46 | Create | Villager (Male) |
| 8:47 | Create | Villager (Male) |
| 8:47 | Create | Villager (Male) |
| 9:52 | Build | Blacksmith |
| 10:49 | Build | Market |
| 10:58 | Create | Villager (Male) |
| 11:35 | Build | Mill |
| 11:40 | Research | Castle Age |
| 11:51 | Research | Horse Collar |
| 12:56 | Build | Lumber Camp |
| 13:38 | Create | Villager (Male) |
| 13:38 | Create | Villager (Male) |
| 13:39 | Create | Villager (Male) |
| 13:39 | Create | Villager (Male) |
| 13:40 | Create | Villager (Male) |
| 13:40 | Create | Villager (Male) |
| 14:23 | Build | Town Center |
| 14:35 | Build | Town Center |
| 14:54 | Research | Heavy Plow |
| 15:05 | Build | Farm |
| 15:16 | Create | Villager (Male) |
| 15:43 | Create | Villager (Male) |
| 15:43 | Create | Villager (Male) |
| 15:44 | Create | Villager (Male) |
| 15:44 | Create | Villager (Male) |
| 15:55 | Create | Villager (Male) |
| 15:55 | Create | Villager (Male) |
| 15:55 | Create | Villager (Male) |
| 16:12 | Build | Farm |
| 16:13 | Build | Farm |
| 16:14 | Build | Farm |
| 16:15 | Build | Farm |
| 16:17 | Build | Farm |
| 16:50 | Build | Farm |
| 17:02 | Build | Farm |
| 17:06 | Create | Villager (Male) |
| 17:06 | Create | Villager (Male) |
| 17:13 | Create | Villager (Male) |
| 17:14 | Create | Villager (Male) |
| 17:17 | Create | Villager (Male) |
| 17:18 | Create | Villager (Male) |
| 17:24 | Build | Farm |
| 17:33 | Build | Farm |
| 17:44 | Build | Farm |
| 17:49 | Create | Villager (Male) |
| 17:53 | Create | Villager (Male) |
| 17:56 | Create | Villager (Male) |
| 18:11 | Build | Farm |
| 18:18 | Create | Villager (Male) |
| 18:24 | Create | Villager (Male) |
| 18:29 | Create | Villager (Male) |
| 18:31 | Create | Villager (Male) |
| 18:59 | Create | Villager (Male) |
| 18:59 | Create | Villager (Male) |
| 19:22 | Create | Villager (Male) |
| 19:27 | Create | Villager (Male) |
| 19:28 | Create | Villager (Male) |
| 19:33 | Create | Villager (Male) |
| 19:33 | Create | Villager (Male) |
| 19:40 | Build | Farm |
| 19:44 | Build | Farm |
| 19:51 | Build | Farm |
| 19:56 | Create | Villager (Male) |
| 19:59 | Create | Villager (Male) |
| 20:02 | Create | Villager (Male) |
| 20:17 | Create | Villager (Male) |
| 20:20 | Create | Villager (Male) |
| 20:23 | Create | Villager (Male) |
| 20:33 | Build | Castle |
| 20:47 | Build | House |
| 20:48 | Build | House |
| 20:49 | Build | House |
| 20:50 | Build | House |
| 20:51 | Build | House |
| 20:55 | Build | House |
| 21:00 | Create | Villager (Male) |
| 21:01 | Create | Villager (Male) |
| 21:04 | Create | Villager (Male) |
| 21:05 | Create | Villager (Male) |
| 21:09 | Create | Villager (Male) |
| 21:09 | Create | Villager (Male) |
| 21:28 | Build | Farm |
| 21:29 | Build | Farm |
| 21:32 | Build | Farm |
| 21:33 | Build | Farm |
| 21:33 | Build | Farm |
| 21:35 | Build | Farm |
| 21:36 | Build | Farm |
| 21:44 | Build | Farm |
| 21:45 | Build | Farm |
| 21:46 | Build | Farm |
| 21:53 | Create | Villager (Male) |
| 21:54 | Create | Villager (Male) |
| 21:57 | Create | Villager (Male) |
| 21:57 | Create | Villager (Male) |
| 22:00 | Create | Villager (Male) |
| 22:01 | Create | Villager (Male) |
| 22:04 | Research | Loom |
| 22:27 | Create | Villager (Male) |
| 22:27 | Create | Villager (Male) |
| 22:33 | Create | Villager (Male) |
| 22:33 | Create | Villager (Male) |
| 22:37 | Create | Villager (Male) |
| 22:37 | Create | Villager (Male) |
| 22:43 | Build | Farm |
| 22:44 | Build | Farm |
| 22:46 | Build | Farm |
| 22:47 | Build | Farm |
| 22:56 | Build | Farm |
| 23:21 | Build | Town Center |
| 23:26 | Create | Villager (Male) |
| 23:27 | Create | Villager (Male) |
| 23:29 | Create | Villager (Male) |
| 23:29 | Create | Villager (Male) |
| 23:32 | Create | Villager (Male) |
| 23:32 | Create | Villager (Male) |
| 23:46 | Build | Farm |
| 23:47 | Build | Farm |
| 23:49 | Build | Farm |
| 24:12 | Build | Castle |
| 24:23 | Create | Villager (Male) |
| 24:24 | Create | Villager (Male) |
| 24:26 | Create | Villager (Male) |
| 24:27 | Create | Villager (Male) |
| 24:29 | Create | Villager (Male) |
| 24:30 | Create | Villager (Male) |
| 24:34 | Build | University |
| 24:38 | Build | Monastery |
Build order — eLeMBi
First 150 of 218 actions detected
| 0:02 | Create | Villager (Male) ×4 |
| 0:02 | Create | Villager (Male) ×4 |
| 0:38 | Build | Lumber Camp |
| 1:24 | Build | Mill |
| 2:00 | Create | Villager (Male) ×3 |
| 2:10 | Build | Farm |
| 2:43 | Create | Villager (Male) |
| 2:47 | Build | Farm |
| 2:52 | Build | Farm |
| 2:56 | Build | Farm |
| 3:27 | Build | Farm |
| 3:32 | Create | Villager (Male) |
| 4:01 | Create | Villager (Male) |
| 4:02 | Research | Loom |
| 4:06 | Create | Villager (Male) |
| 4:07 | Create | Villager (Male) |
| 4:07 | Create | Villager (Male) |
| 5:59 | Create | Villager (Male) |
| 6:00 | Create | Villager (Male) |
| 6:00 | Create | Villager (Male) |
| 6:00 | Create | Villager (Male) |
| 7:12 | Create | Villager (Male) |
| 7:13 | Create | Villager (Male) |
| 8:08 | Research | Feudal Age |
| 9:36 | Create | Villager (Male) |
| 9:43 | Build | Mining Camp |
| 9:59 | Build | Barracks |
| 10:18 | Age | Feudal Age |
| 10:24 | Build | Market |
| 10:26 | Build | Blacksmith |
| 10:41 | Create | Villager (Male) |
| 10:44 | Research | Double-Bit Axe |
| 10:47 | Research | Gold Mining |
| 11:11 | Research | Castle Age |
| 12:46 | Research | Horse Collar |
| 12:51 | Research | Stone Mining |
| 13:15 | Build | Farm |
| 13:16 | Build | Farm |
| 13:17 | Build | Farm |
| 13:18 | Build | Farm |
| 13:51 | Age | Castle Age |
| 13:56 | Create | Villager (Male) |
| 13:56 | Research | Wheelbarrow |
| 14:25 | Create | Villager (Male) |
| 14:26 | Create | Villager (Male) |
| 14:26 | Create | Villager (Male) |
| 14:26 | Create | Villager (Male) |
| 14:27 | Create | Villager (Male) |
| 15:18 | Build | Town Center |
| 15:48 | Create | Villager (Male) |
| 15:48 | Create | Villager (Male) |
| 15:50 | Research | Bow Saw |
| 15:51 | Research | Heavy Plow |
| 16:19 | Create | Villager (Male) |
| 16:19 | Create | Villager (Male) |
| 16:19 | Create | Villager (Male) |
| 16:39 | Create | Villager (Male) |
| 16:43 | Research | Wheelbarrow |
| 16:44 | Create | Villager (Male) |
| 16:53 | Build | Farm |
| 16:58 | Build | Farm |
| 17:21 | Build | Farm |
| 17:38 | Build | Farm |
| 17:44 | Build | Farm |
| 18:06 | Build | Monastery |
| 18:10 | Research | Loom |
| 18:58 | Create | Monk |
| 19:04 | Research | Pikeman (upgrade) |
| 19:08 | Create | Villager (Male) |
| 19:08 | Create | Villager (Male) |
| 19:08 | Create | Villager (Male) |
| 19:11 | Create | Villager (Male) |
| 19:11 | Create | Villager (Male) |
| 19:35 | Research | Yasama |
| 19:45 | Research | Yasama |
| 19:54 | Build | Farm |
| 19:56 | Build | Farm |
| 20:05 | Create | Spearman |
| 20:16 | Build | House |
| 20:17 | Build | House |
| 20:17 | Build | House |
| 20:17 | Build | House |
| 20:17 | Build | House |
| 20:19 | Build | House |
| 20:19 | Build | House |
| 20:19 | Build | House |
| 20:20 | Build | House |
| 20:34 | Build | House |
| 20:36 | Build | House |
| 20:36 | Build | House |
| 20:37 | Build | House |
| 20:37 | Build | House |
| 20:37 | Build | House |
| 20:38 | Build | House |
| 20:38 | Build | House |
| 20:39 | Build | House |
| 20:39 | Build | House |
| 20:39 | Build | House |
| 20:40 | Build | House |
| 20:41 | Build | House |
| 20:41 | Build | House |
| 20:42 | Build | House |
| 20:44 | Build | House |
| 20:46 | Build | House |
| 20:49 | Build | House |
| 20:49 | Build | House |
| 20:50 | Build | House |
| 20:50 | Build | House |
| 20:50 | Build | House |
| 20:51 | Build | House |
| 20:51 | Build | House |
| 20:51 | Build | House |
| 20:51 | Build | House |
| 20:52 | Build | House |
| 20:55 | Build | House |
| 20:55 | Build | House |
| 20:56 | Build | House |
| 20:57 | Build | House |
| 20:57 | Build | House |
| 20:58 | Build | House |
| 20:58 | Build | House |
| 21:08 | Build | House |
| 21:08 | Build | House |
| 21:09 | Build | House |
| 21:09 | Build | House |
| 21:10 | Build | House |
| 21:10 | Build | House |
| 21:10 | Build | House |
| 21:14 | Build | House |
| 21:23 | Create | Villager (Male) |
| 21:25 | Build | Farm |
| 21:27 | Build | Farm |
| 21:45 | Build | Lumber Camp |
| 21:48 | Research | Hand Cart |
| 21:55 | Research | Town Watch |
| 22:09 | Build | Mining Camp |
| 22:43 | Research | Imperial Age |
| 22:45 | Create | Villager (Male) |
| 23:23 | Build | Farm |
| 23:29 | Build | University |
| 23:32 | Create | Villager (Male) ×5 |
| 23:34 | Create | Villager (Male) ×3 |
| 24:28 | Build | Town Center |
| 24:37 | Create | Spearman ×5 |
| 25:36 | Create | Villager (Male) ×5 |
| 25:42 | Create | Villager (Male) ×5 |
| 25:53 | Age | Imperial Age |
| 26:05 | Create | Villager (Male) |
| 26:05 | Create | Villager (Male) |
| 26:06 | Create | Villager (Male) |
Build order — yangpq3
4 actions detected in the replay
| 0:15 | Create | Villager (Male) |
| 0:15 | Create | Villager (Male) |
| 0:15 | Create | Villager (Male) |
| 0:16 | Create | Villager (Male) |
Build order — ¿Adriixx?
First 150 of 258 actions detected
| 0:15 | Build | Settlement |
| 0:18 | Create | Villager (Male) |
| 0:19 | Create | Villager (Male) |
| 0:19 | Create | Villager (Male) |
| 0:19 | Create | Villager (Male) |
| 0:19 | Create | Villager (Male) |
| 0:19 | Create | Villager (Male) |
| 1:34 | Create | Villager (Male) |
| 1:34 | Create | Villager (Male) |
| 1:34 | Create | Villager (Male) |
| 1:34 | Create | Villager (Male) |
| 2:12 | Create | Villager (Male) |
| 2:13 | Create | Villager (Male) |
| 2:13 | Create | Villager (Male) |
| 2:46 | Create | Villager (Male) |
| 2:46 | Create | Villager (Male) |
| 2:46 | Create | Villager (Male) |
| 2:56 | Build | Settlement |
| 3:12 | Create | Villager (Male) |
| 3:12 | Create | Villager (Male) |
| 3:27 | Create | Villager (Male) |
| 3:58 | Create | Villager (Male) |
| 3:59 | Create | Villager (Male) |
| 3:59 | Create | Villager (Male) |
| 4:18 | Create | Villager (Male) |
| 4:19 | Create | Villager (Male) |
| 4:19 | Create | Villager (Male) |
| 4:50 | Create | Villager (Male) |
| 4:51 | Create | Villager (Male) |
| 4:51 | Create | Villager (Male) |
| 5:10 | Create | Villager (Male) |
| 5:11 | Create | Villager (Male) |
| 5:33 | Create | Villager (Male) |
| 5:33 | Create | Villager (Male) |
| 5:34 | Create | Villager (Male) |
| 5:41 | Create | Villager (Male) |
| 5:41 | Create | Villager (Male) |
| 5:41 | Create | Villager (Male) |
| 5:55 | Create | Villager (Male) |
| 6:06 | Create | Villager (Male) |
| 6:16 | Build | House |
| 6:18 | Build | House |
| 6:28 | Create | Villager (Male) |
| 6:28 | Create | Villager (Male) |
| 6:29 | Create | Villager (Male) |
| 6:29 | Create | Villager (Male) |
| 6:41 | Create | Villager (Male) |
| 6:54 | Build | Settlement |
| 7:03 | Create | Villager (Male) |
| 7:03 | Create | Villager (Male) |
| 7:04 | Create | Villager (Male) |
| 7:14 | Create | Villager (Male) |
| 7:34 | Create | Villager (Male) |
| 7:34 | Create | Villager (Male) |
| 7:34 | Create | Villager (Male) |
| 8:02 | Create | Villager (Male) |
| 8:03 | Create | Villager (Male) |
| 8:03 | Create | Villager (Male) |
| 8:44 | Create | Villager (Male) |
| 8:45 | Create | Villager (Male) |
| 8:45 | Create | Villager (Male) |
| 9:12 | Create | Villager (Male) |
| 9:12 | Create | Villager (Male) |
| 9:12 | Create | Villager (Male) |
| 9:38 | Create | Villager (Male) |
| 9:41 | Create | Villager (Male) |
| 9:41 | Create | Villager (Male) |
| 9:54 | Build | Farm |
| 10:24 | Build | Farm |
| 10:47 | Create | Villager (Male) |
| 10:55 | Build | Farm |
| 11:10 | Create | Villager (Male) |
| 11:12 | Create | Villager (Male) |
| 11:34 | Research | Feudal Age |
| 11:40 | Build | Barracks |
| 11:54 | Create | Unit 2550 |
| 11:55 | Create | Unit 2550 |
| 11:55 | Create | Unit 2550 |
| 11:55 | Create | Unit 2550 |
| 11:55 | Create | Unit 2550 |
| 11:55 | Create | Unit 2550 |
| 12:17 | Build | House |
| 12:18 | Build | House |
| 12:26 | Build | Farm |
| 12:29 | Build | Farm |
| 12:30 | Build | Farm |
| 12:32 | Build | Farm |
| 12:34 | Build | Farm |
| 12:36 | Build | Farm |
| 12:44 | Build | Farm |
| 12:45 | Build | Farm |
| 12:47 | Build | Farm |
| 12:50 | Build | Farm |
| 12:52 | Build | Farm |
| 13:03 | Create | Unit 2550 |
| 13:03 | Create | Unit 2550 |
| 13:03 | Create | Unit 2550 |
| 13:04 | Create | Unit 2550 |
| 13:04 | Create | Unit 2550 |
| 13:04 | Create | Unit 2550 |
| 13:05 | Create | Unit 2550 |
| 13:05 | Create | Unit 2550 |
| 13:48 | Build | Farm |
| 13:54 | Build | Farm |
| 14:11 | Build | Settlement |
| 14:16 | Create | Unit 2550 |
| 14:17 | Create | Unit 2550 |
| 14:17 | Create | Unit 2550 |
| 14:17 | Create | Unit 2550 |
| 15:10 | Build | Settlement |
| 15:49 | Age | Feudal Age |
| 15:50 | Research | Wheelbarrow |
| 15:50 | Research | Wheelbarrow |
| 15:58 | Build | Blacksmith |
| 16:22 | Build | Market |
| 16:42 | Create | Villager (Male) |
| 16:42 | Create | Villager (Male) |
| 16:42 | Create | Villager (Male) |
| 16:55 | Research | Forging |
| 17:09 | Create | Villager (Male) |
| 17:09 | Create | Villager (Male) |
| 17:16 | Research | Gold Mining |
| 17:19 | Research | Double-Bit Axe |
| 17:23 | Research | Horse Collar |
| 17:39 | Build | Archery Range |
| 17:45 | Build | Farm |
| 17:55 | Research | Tech 1402 |
| 18:04 | Create | Villager (Male) |
| 18:04 | Create | Villager (Male) |
| 18:27 | Create | Unit 2550 |
| 18:27 | Create | Unit 2550 |
| 18:38 | Research | Scale Mail Armor |
| 18:38 | Research | Fletching |
| 19:21 | Research | Castle Age |
| 19:28 | Research | Stone Mining |
| 19:42 | Build | House |
| 19:42 | Build | House |
| 19:44 | Build | House |
| 19:45 | Build | House |
| 19:46 | Build | House |
| 19:47 | Build | House |
| 20:23 | Create | Unit 2550 |
| 20:24 | Create | Unit 2550 |
| 20:31 | Build | Barracks |
| 21:26 | Research | Arson |
| 21:38 | Build | Archery Range |
| 21:39 | Build | Archery Range |
| 22:15 | Age | Castle Age |
| 22:18 | Research | Hand Cart |
| 22:23 | Research | Malon |
Match timeline
| 0:26 | yangpq3 · resign |
| 8:21 | emilstabilforever · age_up feudal |
| 9:59 | eLeMBi · first_building Barracks |
| 10:18 | eLeMBi · age_up feudal |
| 11:40 | ¿Adriixx? · first_building Barracks |
| 12:15 | emilstabilforever · first_market_buy 100 food |
| 12:19 | emilstabilforever · first_market_sell 100 stone |
| 13:11 | emilstabilforever · wall_segment Palisade Wall x11 |
| 13:19 | emilstabilforever · wall_segment Palisade Wall x8 |
| 13:51 | eLeMBi · age_up castle |
| 14:25 | emilstabilforever · wall_segment Palisade Wall x8 |
| 14:56 | emilstabilforever · first_building Archery Range |
| 15:01 | emilstabilforever · first_building Stable |
| 15:06 | emilstabilforever · first_building Siege Workshop |
| 15:36 | emilstabilforever · age_up castle |
| 15:49 | ¿Adriixx? · age_up feudal |
| 16:42 | emilstabilforever · wall_segment Palisade Wall x4 |
| 16:48 | emilstabilforever · wall_segment Palisade Wall x1 |
| 17:39 | ¿Adriixx? · first_building Archery Range |
| 18:06 | eLeMBi · first_building Monastery |
| 19:47 | emilstabilforever · first_building Castle |
| 20:33 | ANUARCHEMO233 · first_building Castle |
| 22:15 | ¿Adriixx? · age_up castle |
| 23:02 | ¿Adriixx? · first_building Castle |
| 23:38 | emilstabilforever · first_building Monastery |
| 24:38 | ANUARCHEMO233 · first_building Monastery |
| 25:53 | eLeMBi · age_up imperial |
| 28:30 | eLeMBi · wall_segment Stone Wall x15 |
| 28:44 | eLeMBi · wall_segment Stone Wall x15 |
| 31:21 | eLeMBi · wall_segment Stone Wall x10 |
| 32:21 | eLeMBi · first_building Castle |
| 34:02 | ¿Adriixx? · age_up imperial |
| 35:47 | ¿Adriixx? · first_market_sell 100 wood |
[ AI ANALYSIS · 1 CREDIT ]
What really happened in this match?
Wolo.gg analyzes every decision: build order, eco, micro, common mistakes by bracket. Personalized analysis on WhatsApp or Discord in 30 seconds.
Civ guide
Bohemians
Map guide
Fortress
Perfil
SkilzDatKilz845